 Dungeon Crawl Stone Soup version 0.26-a0-252-gb32a1a6195 (webtiles) character file.

Game seed: 14009097107531326994

37 BritishOli the Slasher (level 3, -5/28 HPs)
             Began as a Demonspawn Gladiator on July 9, 2020.
             Slain by an ogre
             ... wielding a +0 giant club
              (12 damage)
             ... on level 2 of the Dungeon.
             The game lasted 00:00:57 (1364 turns).

BritishOli the Slasher (Demonspawn Gladiator)       Turns: 1364, Time: 00:00:58

Health: -5/28      AC:  4    Str: 15    XL:     3   Next: 23%
Magic:  3/3        EV: 13    Int:  9    God:
Gold:   46         SH:  0    Dex: 14    Spells: 2/2 levels left

rFire    . . .     SeeInvis .   a - +0 long sword
rCold    . . .     Faith    .   (no shield)
rNeg     . . .     Spirit   .   b - +0 leather armour
rPois    .         Reflect  .   (helmet restricted)
rElec    .         Harm     .   (no cloak)
rCorr    .                      (no gloves)
MR       .....                  l - +0 pair of boots
Stlth    +.........             o - amulet of the acrobat
HPRegen  0.09/turn              (no ring)
MPRegen  0.08/turn              (no ring)

@: no status effects
A: antennae 1, claws 1
a: no special abilities


You were on level 2 of the Dungeon.
You were not hungry.

You visited 1 branch of the dungeon, and saw 2 of its levels.

You collected 46 gold pieces.

Inventory:

Hand Weapons
 a - a +0 long sword (weapon)
Missiles
 d - 2 throwing nets (quivered)
Armour
 b - a +0 leather armour (worn)
 c - a +0 helmet
 l - a +0 pair of boots (worn)
Jewellery
 o - an amulet of the acrobat (around neck)
Scrolls
 e - a scroll of identify {unknown}
 g - 2 scrolls of teleportation {unknown}
 m - a scroll of fog {unknown}
 n - a scroll of magic mapping {unknown}
Potions
 h - a potion of stabbing {unknown}
 i - a potion of haste {unknown}
 j - a potion of degeneration {unknown}
Comestibles
 f - 9 rations


   Skills:
 + Level 2.3 Fighting
 + Level 3.0 Long Blades
 + Level 2.1 Throwing
 + Level 1.0 Armour
 + Level 3.0 Dodging


You had 2 spell levels left.
You didn't know any spells.
Your spell library was empty.

Dungeon Overview and Level Annotations

Branches:
Dungeon (2/15)

Altars:


Innate Abilities, Weirdness & Mutations

You have a pair of small antennae on your head.
You have sharp fingernails.


Message History

You hit the ogre but do no damage.
The ogre struggles against the net. x2
You catch the helpless ogre completely off-guard!
You hit the ogre.
The ogre is lightly wounded.
The ogre struggles against the net.
You slash the ogre!
The ogre is moderately wounded.
The ogre struggles against the net.
The net rips apart, and the ogre comes free!
You hit the ogre but do no damage.
The ogre is moderately wounded.
The ogre hits you but does no damage.
You hit the ogre.
The ogre is heavily wounded.
The ogre hits you with a +0 giant club!
* * * LOW HITPOINT WARNING * * *
You hit the ogre.
The ogre is heavily wounded.
The ogre hits you with a +0 giant club!
You die...

##### #...# #.#.# #
#.#.# #.. #.#.#
#....###############.#=#
.....KO@.?...........#.#
#....#################.#
#.. .#.......###.# .
.............#
.#######.##### ##.....
##.### ##.†. ####


You could see an ogre and a kobold.

Vanquished Creatures
  2 dart slugs
  A leopard gecko (D:2)
  2 giant cockroaches
  3 goblins
  4 hobgoblins
  8 jackals
  3 kobolds
  A bat (D:1)
  A frilled lizard (D:1)
  A rat (D:2)
26 creatures vanquished.

Notes
Turn   | Place    | Note
-------+----------+-------------------------------------------
     0 | D:1      | BritishOli the Demonspawn Gladiator began the quest for the
                  | Orb.
     0 | D:1      | Reached XP level 1. HP: 16/16 MP: 1/1
   181 | D:1      | Gained mutation: You have sharp fingernails. [demonic
                  | ancestry]
   181 | D:1      | Reached XP level 2. HP: 15/22 MP: 2/2
   934 | D:2      | Gained mutation: You have a pair of small antennae on your
                  | head. [demonic ancestry]
   934 | D:2      | Reached XP level 3. HP: 12/28 MP: 3/3
  1351 | D:2      | Noticed an ogre
  1357 | D:2      | Reached skill level 1 in Armour
  1364 | D:2      | Slain by an ogre

Illustrated notes

Levels and vault maps discovered:
D:1:      minmay_arrival_four_circles, layout_basic
D:2:      minmay_wonky_spiral, layout_basic, nicolae_qazlal_style_of_elements,
          marbit_many_paths, lemuel_flame_loot_1

Skill      XL: |  1  2  3 |
---------------+----------+-----
Throwing       | 2 |  2.1
Long Blades    | 3 |  3.0
Dodging        | 3 |  3.0
Armour         | 1 |  1.0
Fighting       | |  2.3

Action                   || total
-------------------------++-------
Melee: Long sword        ||    81
Throw: Throwing net      ||     1
 Stab: Held in net/web   ||     1
  Eat: Ration            ||     1
Armor: Leather armour    ||    26
Dodge: Dodged            ||    64
       Rpst.: Long sword ||    20

Table legend:
 A = Non-vault XP
 B = Vault XP
 C = Vault XP percentage of total XP
 D = Non-vault monster count
 E = Vault monster count
 F = Vault count percentage of total count
                 A         B        C        D         E       F
            +---------+---------+-------+---------+---------+-------
      Total |      54 |       0 |   0.0 |      26 |       0 |   0.0
            +---------+---------+-------+---------+---------+-------
        D:1 |      24 |       0 |   0.0 |      12 |       0 |   0.0
        D:2 |      30 |       0 |   0.0 |      14 |       0 |   0.0
            +---------+---------+-------+---------+---------+-------
